 Dungeon Crawl Stone Soup version 0.18-a0-1782-gb76a692 (webtiles) character file.

674 namelastname112 the Bolt Thrower (level 7, 57/57 HPs)
             Began as a Pale Draconian Arcane Marksman on Apr 17, 2016.
             Quit the game on level 4 of the Dungeon.
             The game lasted 00:06:15 (4848 turns).

namelastname112 the Bolt Thrower (DrAM)             Turns: 4848, Time: 00:06:15

Health: 57/57      AC:  6    Str: 13    XL:     7   Next: 33%
Magic:  8/8        EV: 13    Int: 14    God:
Gold:   237        SH:  0    Dex: 12    Spells: 1 memorised, 7 levels left

rFire  . . .     SeeInvis .     a - +1 hand crossbow
rCold  . . .     Gourm    .     (armour unavailable)
rNeg   . . .     Faith    .     (no shield)
rPois  .         Spirit   .     (helmet restricted)
rElec  .         Dismiss  .     (no cloak)
rCorr  +         Reflect  .     (no gloves)
SustAt .         Harm     .     (no boots)
MR     .....                    (no amulet)
Stlth  +++.......               s - ring of stealth
                                v - ring of resist corrosion

@: not resistant to hostile enchantments, fairly stealthy
A: breathe steam, unfitting armour, cold-blooded, AC +6
a: Breathe Steam


You were on level 4 of the Dungeon.
You were hungry.

You visited 1 branch of the dungeon, and saw 4 of its levels.

You collected 237 gold pieces.

Inventory:

Hand Weapons
 a - a +1 hand crossbow (weapon)
 g - a +0 short sword
Jewellery
 i - an uncursed ring of ice
 s - a ring of stealth (right hand)
 v - a ring of resist corrosion (left hand)
Scrolls
 f - a scroll of enchant weapon
 k - a scroll of enchant armour {unknown}
 m - a scroll of amnesia {unknown}
 u - a scroll of fear
Potions
 e - 2 potions of agility {unknown}
 l - a potion of curing {unknown}
 n - a potion of cancellation {unknown}
 o - a potion of haste
 p - 2 potions of magic {unknown}
 r - 3 potions of cure mutation {unknown}
Books
 b - a book of Debilitation

   Spells                             Type                      Level
   a - Corona                         Hexes                        1
   b - Slow                           Hexes                        2
   c - Gell's Gravitas                Hexes/Translocation          3
   d - Inner Flame                    Hexes/Fire                   3
   e - Cause Fear                     Hexes                        4
   f - Leda's Liquefaction            Hexes/Earth                  4
Comestibles
 d - 4 bread rations
 h - 2 beef jerkies


   Skills:
 + Level 3.5 Fighting
 * Level 4.9 Crossbows
 + Level 3.6 Dodging
 + Level 3.6 Stealth
 - Level 1.0 Spellcasting
 - Level 2.6 Hexes


You had 7 spell levels left.
You knew the following spells:

 Your Spells              Type           Power        Failure   Level  Hunger
a - Corona                Hex            #......      12%         1    ##.....


Dungeon Overview and Level Annotations

Branches:
Dungeon (4/15)
 Temple: D:4-7

Altars:
Dithmenos
Gozag
Kikubaaqudgha
Pakellas
Sif Muna
Trog
Zin


Innate Abilities, Weirdness & Mutations

You can breathe blasts of scalding, opaque steam.
Your pale cyan-grey scales are hard (AC +6).
Your body does not fit into most forms of armour.
You are cold-blooded and may be slowed by cold attacks.


Message History

Aim: a worm (almost dead)
Okay, then.
Firing (i - inventory): No suitable missiles.
Press: ? - help, Shift-Dir - straight line, f/p - worm
Aim: a worm (almost dead)
Okay, then.
Firing (i - inventory): No suitable missiles.
Press: ? - help, Shift-Dir - straight line, f/p - worm
Aim: a worm (almost dead)
Okay, then.
Firing (i - inventory): No suitable missiles.
Press: ? - help, Shift-Dir - straight line, f/p - worm
Aim: a worm (almost dead)
Okay, then.
Firing (i - inventory): No suitable missiles.
Press: ? - help, Shift-Dir - straight line, f/p - worm
Aim: a worm (almost dead)
Okay, then.
Unknown command.
Are you sure you want to abandon this character and quit the game? (Confirm with "yes".)

.......#.......................#
.......#.####.......######.###.#
.............<..........>#...#
.......#.#.##.......####.#...#
##.#####.#.#.............#...#
.. #.#.#.#.#########.#...# .
#†#.#.#.#.........[...# .
#.#.#.#.#.#######.....# ..
#.#.#.#.#@# #####.#
....####.#.#...#)# #.#
.........# #####.# #.#
#######..# #w# ..#
.....#..###### ..( ####
._..#..#........(.
######............
#.#....#######.#(♣. .#..####


You could see a worm.

Vanquished Creatures
  Grinder (D:4)
  2 scorpions (D:4)
  A hound (D:4)
  2 orc priests (D:4)
  Jessica (D:2)
  An iguana (D:4)
  Natasha (thrice) (D:2)
  A gnoll (D:3)
  4 adders
  3 oozes (D:1)
  4 worms (D:3)
  2 dart slugs
  2 giant geckos (D:3)
  14 orcs
  11 giant cockroaches
  7 goblins
  6 hobgoblins
  8 jackals
  7 kobolds
  2 quokkas (D:3)
  4 ball pythons
  4 bats
  2 giant newts
  6 rats
98 creatures vanquished.

Notes
Turn   | Place    | Note
--------------------------------------------------------------
     0 | D:1      | namelastname112 the Draconian Arcane Marksman began the quest for the Orb.
     0 | D:1      | Reached XP level 1. HP: 16/16 MP: 2/2
     1 | D:1      | Found a runed door.
   178 | D:1      | Reached skill level 2 in Crossbows
   590 | D:1      | Reached XP level 2. HP: 17/23 MP: 3/3
   614 | D:1      | Reached skill level 1 in Stealth
   640 | D:1      | Reached XP level 3. HP: 10/28 MP: 4/4
   998 | D:2      | Found a shadowy altar of Dithmenos.
  1000 | D:2      | Noticed Jessica
  1005 | D:2      | Killed Jessica
  1005 | D:2      | Reached XP level 4. HP: 34/36 MP: 5/5
  1011 | D:2      | Noticed Natasha
  1018 | D:2      | Killed Natasha
  1064 | D:2      | Noticed Natasha
  1074 | D:2      | Killed Natasha
  1074 | D:2      | Reached skill level 3 in Crossbows
  1257 | D:2      | Noticed Natasha
  1264 | D:2      | Killed Natasha
  1264 | D:2      | Reached XP level 5. HP: 28/41 MP: 6/6
  3552 | D:3      | Found an ancient bone altar of Kikubaaqudgha.
  3552 | D:3      | Found a deep blue altar of Sif Muna.
  3552 | D:3      | Found a bloodstained altar of Trog.
  3722 | D:2      | Found an opulent altar of Gozag.
  3722 | D:2      | Found a glowing silver altar of Zin.
  3909 | D:2      | Reached XP level 6. HP: 50/50 MP: 7/7
  4017 | D:4      | Reached skill level 4 in Crossbows
  4416 | D:4      | Found an oddly glowing altar of Pakellas.
  4706 | D:4      | Noticed Grinder
  4739 | D:4      | Killed Grinder
  4739 | D:4      | Your scales start taking on a pale cyan-grey colour.
  4739 | D:4      | Reached XP level 7. HP: 44/57 MP: 8/8
  4848 | D:4      | Quit the game

Vault maps used:
D:1:      dpeg_arrival_caged_fury, minmay_misc_feat_nine_boxes
D:2:      grunt_temple_overflow_gold_and_silver,
          nicolae_dithmenos_shadow_blocks, uniq_natasha, uniq_jessica
D:3:      gammafunk_temple_overflow_claw
D:4:      grunt_pakellas_basics, first_bread, okawaru_trees_1, uniq_grinder

Skill      XL: |  1  2  3  4  5  6 |
---------------+-------------------+-----
Crossbows      | 2 3 4 |  4.9
Dodging        | 2 3 |  3.6
Stealth        | 1 2 3 |  3.6
Fighting       | 2 3 |  3.5
Spellcasting   | |  1.0
Hexes          | |  2.6

Action                   |  1- 3 |  4- 6 |  7- 9 || total
-------------------------+-------+-------+-------++-------
Melee: Short sword       |    94 |   312 |       ||   406
       Tailslap          |     9 |    27 |       ||    36
 Fire: Hand crossbow     |     4 |    71 |    11 ||    86
  Use: Scroll            |       |     6 |       ||     6
 Stab: Sleeping          |     1 |    10 |       ||    11
  Eat: Chunk             |       |    11 |       ||    11
       Beef jerky        |       |     1 |       ||     1
Armor: Skin              |    39 |    99 |       ||   138
Dodge: Dodged            |    81 |   216 |     4 ||   301
